 Dungeon Crawl Stone Soup version 0.18-a0-943-g2c08dd4 (webtiles) character file.

87 filipzpl the Skirmisher (level 4, -3/45 HPs)
             Began as a Gargoyle Berserker on Dec 28, 2015.
             Was a Believer of Trog.
             Killed by divine providence
             ... invoked by an orc priest
              (10 damage)
             ... on level 3 of the Dungeon.
             The game lasted 00:02:28 (1448 turns).

filipzpl the Skirmisher (Gargoyle Berserker)        Turns: 1448, Time: 00:02:29

Health: -3/45      AC: 14    Str: 27    XL:     4   Next: 51%
Magic:  4/4        EV:  7    Int:  7    God:    Trog [**....]
Gold:   113        SH:  0    Dex:  9    Spells: 0 memorised, 3 levels left

rFire  . . .     SeeInvis .     a - +0 mace
rCold  . . .     Gourm    .     h - +0 plate armour
rNeg   + . .     Faith    .     (no shield)
rPois  ∞         Spirit   .     (no helmet)
rElec  +         Dismiss  .     (no cloak)
rCorr  .         Reflect  .     (no gloves)
SustAt .         Harm     .     (no boots)
MR     .....                    (no amulet)
Stlth  ..........               (no ring)
                                (no ring)

@: berserking (expiring), very quick, not resistant to hostile enchantments,
extremely unstealthy
A: negative energy resistance 1, electricity resistance, unbreathing,
petrification resistance, rot immunity, AC +3
a: Berserk, Trog's Hand, Burn Spellbooks, Renounce Religion


You were on level 3 of the Dungeon.
You worshipped Trog.
Trog was pleased with you.
You were very hungry.

You visited 1 branch of the dungeon, and saw 3 of its levels.

You collected 113 gold pieces.

Inventory:

Hand Weapons
 a - a +0 mace (weapon)
Armour
 h - a +0 plate armour (worn)
Jewellery
 k - an uncursed ring of protection from magic {unknown}
Scrolls
 b - 2 scrolls of random uselessness {unknown}
 e - 4 scrolls of identify {unknown}
 i - 2 scrolls of noise {unknown}
 j - a scroll of enchant weapon {unknown}
 l - 3 scrolls of remove curse {unknown}
 n - a scroll of fog {unknown}
Potions
 g - a potion of flight {unknown}
 m - a potion of heal wounds {unknown}
 p - a potion of poison {unknown}
 q - a potion of invisibility {unknown}
Comestibles
 c - 2 bread rations
 d - 3 meat rations
 f - a royal jelly
 o - a slice of pizza
 r - 4 fruits


   Skills:
 * Level 4.5 Fighting
 * Level 4.2 Maces & Flails
 - Level 2.1 Armour
 - Level 1.5 Dodging


You had 3 spell levels left.
You didn't know any spells.

Dungeon Overview and Level Annotations

Branches:
Dungeon (3/15)

Altars:


Innate Abilities, Weirdness & Mutations

You are resistant to torment.
Your stone body is resilient (AC +3).
You are immune to poison.
You resist negative energy.
You are resistant to electric shocks.
You can survive without breathing.
You are immune to petrification.
You are immune to rotting.


Message History

Something smites you!
* * * LOW HITPOINT WARNING * * *
The giant cockroach bites you but does no damage.
The orc closely misses you.
You are too injured to fight recklessly!
You barely miss the orc. The kobold hits you but does no damage.
The orc priest casts a cantrip, but nothing happens.
The giant cockroach closely misses you.
The orc priest hits you but does no damage.
You barely miss the orc. The orc hits you but does no damage.
The kobold hits you but does no damage.
The giant cockroach bites you but does no damage.
You bludgeon the orc!!
You kill the orc!
Trog accepts your kill.
The orc priest hits you but does no damage.
The kobold hits you but does no damage.
The orc priest calls down the wrath of Beogh upon you.
Something smites you!
You die...

#.........#.#
#.........#.##
#.............
#$........o.#
### #..........#
#.. +..........#
###.#
##....oKs...#
..##....
.......@o...#
#.##.#..
.......))...#
#.##.###
............##
#.##...#
..##.##+#....#
#.####.# . #.
#.##.# #.##...#
.
#....####.##.##.
#
###.)...#.##....
#...###.#.......
#.#####.#.†###.#


You could see 2 orc priests, an orc, a giant cockroach and a kobold.

Vanquished Creatures
  4 adders (D:2)
  A worm (D:3)
  2 orcs (D:3)
  9 bats
  8 hobgoblins
  A ball python (D:1)
  A giant cockroach (D:1)
  2 giant geckos (D:1)
  3 giant newts
  6 goblins
  6 kobolds
  8 rats
51 creatures vanquished.

Notes
Turn   | Place    | Note
--------------------------------------------------------------
     0 | D:1      | filipzpl the Gargoyle Berserker began the quest for the Orb.
     0 | D:1      | Reached XP level 1. HP: 14/14 MP: 1/1
   143 | D:1      | Reached XP level 2. HP: 17/19 MP: 2/2
   620 | D:1      | Reached ** piety under Trog
   625 | D:1      | Reached XP level 3. HP: 21/24 MP: 3/3
   901 | D:2      | Reached skill level 4 in Fighting
  1081 | D:2      | Reached XP level 4. HP: 22/30 MP: 4/4
  1448 | D:3      | Killed from afar by an orc priest

Vault maps used:
D:1:      dpeg_arrival_erosion, minmay_fountain_box, lemuel_another_geyser
D:2:      minmay_quantized
D:3:      fedhas_altar_4

Action                   |  1- 3 |  4- 6 || total
-------------------------+-------+-------++-------
Melee: Mace              |   120 |    38 ||   158
Invok: Berserk           |     1 |     1 ||     2
  Eat: Chunk             |     2 |       ||     2
